 Dungeon Crawl Stone Soup version 0.28-a0-1447-ga5a8893891 (webtiles) character file.

Game seed: 18395108808130092781

8 riojii the Grasshopper (level 1, 0/17 HPs)
             Began as a Demigod Warper on Jan 11, 2022.
             Slain by a kobold (1 damage)
             ... on level 1 of the Dungeon.
             The game lasted 00:00:36 (280 turns).

riojii the Grasshopper (Demigod Warper)              Turns: 280, Time: 00:00:37

Health: 0/17       AC:  4    Str: 12    XL:     1   Next: 80%
Magic:  5/5        EV: 11    Int: 15    God:
Gold:   0          SH:  0    Dex: 13    Spells: 3/3 levels left

rFire   . . .      SeeInvis .   a - +0 hand axe
rCold   . . .      Faith    .   (no shield)
rNeg    . . .      Spirit   .   b - +0 leather armour
rPois   .          Reflect  .   (no helmet)
rElec   .          Harm     .   (no cloak)
rCorr   .          Rampage  .   f - +0 pair of gloves
Will    .....                   (no boots)
Stlth   +.........              (no amulet)
HPRegen 0.05/turn               (no ring)
MPRegen 0.09/turn               (no ring)

@: no status effects
A: high mp 1, forlorn, divine attributes
a: no special abilities


You were on level 1 of the Dungeon.
You visited 1 branch of the dungeon, and saw 1 of its levels.

Inventory:

Hand Weapons
 a - a +0 hand axe (weapon)
Missiles
 d - 5 boomerangs of dispersal (quivered)
Armour
 b - a +0 leather armour (worn)
 f - a +0 pair of gloves (worn)
Scrolls
 c - a scroll of blinking
 e - a scroll of teleportation {unknown}


   Skills:
 + Level 1.9 Fighting
 + Level 1.9 Axes
 - Level 0.8 Throwing
 + Level 1.1 Armour
 - Level 1.7 Dodging
 + Level 1.9 Spellcasting
 + Level 2.8 Translocations


You had 3 spell levels left.
You didn't know any spells.
Your spell library contained the following spells:

 Spells                   Type           Power      Damage    Failure   Level
 Blink                    Tloc           18%        N/A       14%         2
 Gell's Gravitas          Tloc           9%         N/A       26%         3
 Lesser Beckoning         Tloc           9%         N/A       26%         3
 Teleport Other           Tloc           9%         N/A       26%         3
 Manifold Assault         Tloc           9%         N/A       94%         5


Dungeon Overview and Level Annotations

Branches:
Dungeon (1/15)


Innate Abilities, Weirdness & Mutations

You have an increased reservoir of magic. (+10% MP)
You shall have no god before yourself.
Your divine heritage dramatically boosts your attributes as you level up.


Message History

The jackal closely misses you.
The jackal bites you but does no damage.
You hit the jackal.
The jackal is severely wounded.
The jackal bites you but does no damage.
You hit the jackal.
The jackal is almost dead.
The jackal bites you. x2
You barely miss the jackal.
The jackal is almost dead.
The jackal bites you but does no damage. x2
You hit the jackal.
You kill the jackal!
You closely miss the jackal.
The jackal is moderately wounded.
The jackal bites you but does no damage.
The jackal closely misses you.
You barely miss the jackal.
The jackal is moderately wounded.
The jackal bites you. The jackal closely misses you.
You barely miss the jackal.
The jackal is moderately wounded.
The jackal bites you but does no damage.
You hit the jackal but do no damage.
The jackal is moderately wounded.
The jackal bites you.
* * * LOW HITPOINT WARNING * * *
The jackal barely misses you.
You hit the jackal.
The jackal is severely wounded.
The jackal bites you.
* * * LOW HITPOINT WARNING * * *
The jackal bites you but does no damage.
You hit the jackal.
You kill the jackal!
The bat closely misses you.
You hit the kobold.
The kobold is severely wounded.
The kobold hits you with a +0 whip.
You die...

## #...........
#.. #.♣..∩.$8..♣
...#.?.........
....>..........
#8.._..∩..∩
#.........?
#.......... #
####...♣..♣...
#.#.@Kb.##.....#
#.#.#######....#
#.........+....+
###.#######....#
#.# #.# #.# #.#
#######.######


You could see a bat and a kobold.

Vanquished Creatures
  An endoplasm (D:1)
  A giant cockroach (D:1)
  A hobgoblin (D:1)
  3 jackals (D:1)
6 creatures vanquished.

Notes
Turn   | Place    | Note
-------+----------+-------------------------------------------
     0 | D:1      | riojii the Demigod Warper began the quest for the Orb.
     0 | D:1      | Reached XP level 1. HP: 17/17 MP: 5/5
   187 | D:1      | Reached skill level 1 in Armour
   280 | D:1      | Slain by a kobold

Illustrated notes

Levels and vault maps discovered:
D:1:      pf_arrival_petrified_forest, layout_basic, serial_shops,
          nicolae_shop_bloodbath_and_beyond,
          hellmonk_ecumenical_altar_arch_garden

Skill      XL: |  1 |
---------------+----+-----
Armour         | 1 |  1.1
Fighting       | |  1.9
Axes           | |  1.9
Throwing       | |  0.8
Dodging        | |  1.7
Spellcasting   | |  1.9
Translocations | |  2.8

Action                   || total
-------------------------++-------
Melee: Hand axe          ||    37
Armor: Leather armour    ||    22
Dodge: Dodged            ||    14

Table legend: (Time is in decaauts)
 A = Elapsed time spent in this place.
 B = Non-inter-level travel time spent in this place.
 C = Inter-level travel time spent in this place.
 D = Time resting spent in this place.
 E = Time spent auto-exploring this place.
 F = Levels seen in this place.
 G = Mean time per level.
                   A        B        C        D        E       F      G
               +--------+--------+--------+--------+--------+-----+--------+
         Total |    287 |    287 |      0 |      0 |    216 |   1 |  287.0 |
       Dungeon |    287 |    287 |      0 |      0 |    216 |   1 |  287.0 |
               +--------+--------+--------+--------+--------+-----+--------+

Top non-repeatable levels by time:
     D:1: 287 daAuts
